 Dungeon Crawl Stone Soup version 0.23.2 (webtiles) character file.

Game seed: 12086813446716820646

109 Borgoz the Cutter (level 4, -1/27 HPs)
             Began as a Gargoyle Gladiator on Apr 9, 2019.
             Slain by a goblin
             ... wielding a +2 dagger of flaming
              (4 damage)
             ... on level 3 of the Dungeon.
             The game lasted 00:03:27 (1821 turns).

Borgoz the Cutter (Gargoyle Gladiator)              Turns: 1821, Time: 00:03:28

Health: -1/27      AC: 12    Str: 18    XL:     4   Next: 89%
Magic:  4/4        EV: 12    Int:  8    God:
Gold:   62         SH:  0    Dex: 12    Spells: 3/3 levels left

rFire    . . .     SeeInvis .   a - +0 rapier
rCold    . . .     Gourm    .   (no shield)
rNeg     + . .     Faith    .   e - +0 ring mail
rPois    ∞         Spirit   .   c - +1 helmet
rElec    +         Reflect  .   g - +0 cloak
rCorr    .         Harm     .   (no gloves)
MR       .....                  (no boots)
Stlth    +.........             (no amulet)
HPRegen  0.09/turn              (no ring)
MPRegen  0.09/turn              (no ring)

@: no status effects
A: negative energy resistance 1, electricity resistance, unbreathing,
petrification resistance, rot immunity, AC +3
a: no special abilities


You were on level 3 of the Dungeon.
You were not hungry.

You visited 1 branch of the dungeon, and saw 3 of its levels.

You collected 62 gold pieces.

Inventory:

Hand Weapons
 a - a +0 rapier (weapon)
Armour
 c - a +1 helmet (worn)
 e - a +0 ring mail (worn)
 g - a +0 cloak (worn)
Scrolls
 h - a scroll of remove curse
Comestibles
 f - 7 rations


   Skills:
 + Level 2.9 Fighting
 * Level 3.4 Short Blades
 - Level 1.7 Throwing
 + Level 1.4 Armour
 * Level 3.1 Dodging
 + Level 1.5 Stealth


You had 3 spell levels left.
You didn't know any spells.
Your spell library was empty.

Dungeon Overview and Level Annotations

Branches:
Dungeon (3/15)

Altars:
Elyvilon
Fedhas
Makhleb
Nemelex Xobeh
Sif Muna
Zin

Annotations:
D:2 Sigmund


Innate Abilities, Weirdness & Mutations

You are resistant to torment.
Your stone body is resilient. (AC +3)
You are immune to poison.
You resist negative energy. (rN+)
You are resistant to electric shocks. (rElec)
You can survive without breathing.
You are immune to petrification.
You are immune to rotting.


Message History

The goblin hits you but does no damage. The gnoll hits you but does no damage.
The goblin hits you with a +2 dagger of flaming.
* * * LOW HITPOINT WARNING * * *
The goblin burns you.
* * * LOW HITPOINT WARNING * * *
The gnoll hits you but does no damage.
You see here a gnoll corpse.
Throwing (i - inventory)
d - 2 throwing nets (quivered)
Press: ? - help, Shift-Dir - straight line, f - gnoll
Aim: a gnoll, wielding a +0 spear You throw a throwing net.
The throwing net barely misses the gnoll.
The goblin hits you but does no damage. The gnoll closely misses you.
Throwing (i - inventory)
d - a throwing net (quivered)
Press: ? - help, Shift-Dir - straight line, f/p - gnoll
Aim: a gnoll, wielding a +0 spear You throw a throwing net.
The throwing net hits the gnoll.
The gnoll is caught in the net!
The goblin hits you with a +2 dagger of flaming.
You die...

.##..........!.##
................#
.>..............#
................#
#....>..........# #
#...............# .#
##........[.†..###.####
..#.............g.....#
...############)@g...(#
...# #..(....# ##.#
######### #..# #..# ##


You could see a gnoll (caught) and a goblin.

Vanquished Creatures
  2 gnolls (D:3)
  An adder (D:3)
  3 worms
  A dart slug (D:1)
  4 leopard geckos
  A ball python (D:1)
  7 bats
  4 giant cockroaches
  7 goblins
  5 hobgoblins
  3 jackals (D:2)
  9 kobolds
  3 quokkas (D:3)
  A frilled lizard (D:1)
  10 rats
61 creatures vanquished.

Notes
Turn   | Place    | Note
-------+----------+-------------------------------------------
     0 | D:1      | Borgoz the Gargoyle Gladiator began the quest for the Orb.
     0 | D:1      | Reached XP level 1. HP: 12/12 MP: 1/1
    87 | D:1      | Reached XP level 2. HP: 6/18 MP: 2/2
   448 | D:1      | Reached XP level 3. HP: 21/22 MP: 3/3
   456 | D:1      | Reached skill level 1 in Stealth
   619 | D:1      | Found a blossoming altar of Fedhas.
   654 | D:1      | Reached skill level 1 in Armour
   827 | D:2      | HP: 1/22 [rat (2)]
  1150 | D:2      | Found a blossoming altar of Fedhas.
  1151 | D:2      | Found a sparkling altar of Nemelex Xobeh.
  1239 | D:2      | Reached XP level 4. HP: 26/27 MP: 4/4
  1339 | D:2      | Found a white marble altar of Elyvilon.
  1355 | D:2      | Found a deep blue altar of Sif Muna.
  1370 | D:2      | Noticed Sigmund
  1761 | D:3      | Found a burning altar of Makhleb.
  1771 | D:3      | Found a glowing silver altar of Zin.
  1771 | D:3      | Noticed an angel
  1772 | D:3      | Noticed an Executioner
  1821 | D:3      | Slain by a goblin

Skill      XL: |  1  2  3 |
---------------+----------+-----
Short Blades   | 3 |  3.4
Stealth        | 1 |  1.5
Armour         | 1 |  1.4
Dodging        | 3 |  3.1
Fighting       | |  2.9
Throwing       | |  1.7

Action                   |  1- 3 |  4- 6 || total
-------------------------+-------+-------++-------
Melee: Rapier            |   126 |    74 ||   200
Throw: Throwing net      |     1 |     3 ||     4
  Use: Scroll            |     2 |     2 ||     4
       Potion            |       |     2 ||     2
 Stab: Sleeping          |     1 |       ||     1
  Eat: Chunk             |     1 |     2 ||     3
Armor: Leather armour    |    37 |    23 ||    60
       Ring mail         |       |    28 ||    28
Dodge: Dodged            |   107 |    93 ||   200
